[Event "2nd Namma Bengaluru Open-A 2025"]
[Site "Bengaluru"]
[Date "2025.04.10"]
[Round "1.1"]
[White "Jaidambareesh N R"]
[Black "Iniyan, Pa"]
[Result "1/2-1/2"]
[Annotator "TA"]
[ECO "B08"]
[WhiteElo "2037"]
[BlackElo "2578"]
[PlyCount "62"]
[EventDate "2025.04.10"]
[EventType "swiss"]
[EventCountry "IND"]
[SourceTitle "playchess.com"]
[Source "ChessBase"]
[SourceQuality "1"]
[TimeControl "5400+30"]

1. Nf3 g6 2. d4 Bg7 3. e4 d6 4. Nc3 Nf6 5. Be3 Ng4 6. Bg5 {[%emt 0:01:01] B08: Pirc Defence: Classical System.} h6 7. Bh4 c5 8. Be2 {[%emt 0:13:47] White is slightly better.} (8. dxc5 {with more complications.} Qa5 9. Qd2 Qxc5 10. Nd5) 8... g5 $146 {[%emt 0:17:57] [#]} (8... Nc6 9. dxc5 dxc5 10. Qxd8+ Nxd8 11. Nd5 Ne6 12. O-O-O g5 13. Bg3 Bd7 14. h4 Rc8 {0-1 Tokhirjonova,G (2378)-Yu,J (2315) Titled Tuesday intern op 14th April blitz 2020 (6)}) 9. Bg3 cxd4 10. Nxd4 Ne5 11. O-O (11. h4 $14) 11... Nbc6 $11 12. Nf5 $36 {[%emt 0:08:42][%mdl 2048] White has some pressure.} Bxf5 13. exf5 Qa5 14. Nd5 e6 (14... Nd4 15. Ne3 (15. Qxd4 Nf3+ 16. Bxf3 Bxd4 $17) 15... Rd8) 15. Ne3 (15. fxe6 $142 {Strongly threatening Bxe5.} fxe6 16. Bh5+ Kd7 17. Ne3) 15... O-O-O 16. c3 d5 (16... Kb8 $16 {keeps fighting.}) 17. fxe6 $18 fxe6 18. Nc2 ({White should play} 18. Re1) 18... Nf7 (18... Ng6 $16) 19. Nd4 Bxd4 20. cxd4 {[%emt 0:00:11][%cal Ob2b4] [#]} Nd6 21. Bg4 (21. Qc2 $16) 21... Nf5 $14 22. Re1 Nxg3 $1 23. hxg3 (23. Rxe6 $5 Kb8 24. hxg3 $11) 23... Kb8 24. Rxe6 Qb4 25. Rc1 Qxd4 26. Qe2 Qb6 ({Better is} 26... Qg7 $14) 27. Rc3 (27. Rd1 $16) 27... Ka8 $11 {[%emt 0:00:08][%cal Oc6d4] Threatens to win with ...Nd4!.} 28. Ra3 Qc7 29. Qb5 (29. Bf3 $14) 29... Rd6 (29... h5 $11 30. Be2 Qf7) 30. Rxd6 Qxd6 31. Rb3 Rh7 {[%emt 0:00:20] Weighted Error Value: White=0.30/Black=0.28 (precise)   Mistake:       	White=6     	Black=6      Inaccurate:     	White=5     	Black=4      OK:         	White=6     	Black=6      Best:        	White=1     	Black=3      Strong:       	---       	Black=1} (31... Rb8 $11 {keeps the balance.}) 1/2-1/2

[Event "2nd Namma Bengaluru Open-A 2025"]
[Site "Bengaluru"]
[Date "2025.04.10"]
[Round "1.2"]
[White "Grigoryan, Karen H."]
[Black "Sachi Jain"]
[Result "1-0"]
[Annotator "TA"]
[ECO "A14"]
[WhiteElo "2556"]
[BlackElo "2036"]
[PlyCount "69"]
[EventDate "2025.04.10"]
[EventType "swiss"]
[EventCountry "IND"]
[SourceTitle "playchess.com"]
[Source "ChessBase"]
[SourceQuality "1"]
[TimeControl "5400+30"]

1. Nf3 d5 2. g3 e6 3. Bg2 Nf6 4. O-O Be7 5. b3 O-O 6. c4 b6 7. cxd5 Nxd5 8. Bb2 Bb7 9. Nc3 {A14: English Opening: 1...e6 with b3 by White.} Nd7 10. Nxd5 Bxd5 11. Re1 $5 {[%mdl 4] The position is equal. A promising side line.} Bf6 12. d4 $146 (12. Qc2 Bxb2 13. Qxb2 Qf6 14. Qc2 Rac8 15. Qd3 Ne5 16. Nxe5 Qxe5 17. Bxd5 Qxd5 18. Qxd5 exd5 {½-½ Bittner,J (1871)-Jensen,H (1923) GER-chB Seniors 26th 2014 (9)}) 12... Be4 13. Qd2 c5 14. Rad1 cxd4 15. Nxd4 Bxg2 16. Kxg2 Qc8 {Wards off Nc6} 17. e4 Rd8 18. Qe2 Qb7 19. f4 Nc5 20. Qf3 e5 (20... Be7 $11) 21. Nf5 $14 Qc7 {[%cal Oc5d3] [#] Repels Nd6} 22. Kf1 (22. Qe2 $1 $16) 22... Ne6 {[#]} (22... Rxd1 $11 23. Rxd1 Ne6) 23. Rd5 $1 $16 {White is more active.} Qc2 24. fxe5 ({Of course not} 24. Bxe5 $6 Bxe5 25. fxe5 (25. Rxe5 Rd2 $15) 25... Qxh2 $11 (25... Qxa2 26. Kg1 $11)) 24... Rxd5 $4 {[%mdl 8192] A mistake that costs the game.} (24... Qxb2 $16 25. exf6 Qxh2 (25... Qxf6 $2 {is the wrong capture.} 26. e5 $18)) 25. exd5 $18 Ng5 {[#]} 26. exf6 $1 Qxb2 27. Qe3 Ne6 28. dxe6 Qxf6 29. Qf3 Rf8 30. e7 Re8 31. Kg2 {[%cal Of3a8] Threatening mate with Qa8!.} g6 32. Nh6+ (32. Qa8 $142 Qxf5 33. Qxe8+ Kg7 34. Qf8+ Kf6 35. Rf1 (35. e8=R a5 $18) 35... Kg5 36. Rxf5+ (36. e8=R Qd5+ 37. Kf2 f6 $18) 36... Kxf5 37. Qxf7+ (37. e8=R Kf6 38. Qh8+ Kg5 39. Re5+ f5 40. Qxh7 Kg4 41. Qxg6#) (37. e8=Q a6 38. Qfxf7+ Kg5 39. Qf4+ Kh5 40. Qh4#) 37... Ke5 38. e8=Q+ (38. e8=R+ Kd6 39. Rd8+ Kc6 40. Qd5+ Kc7 41. Qd7#) 38... Kd6 39. Qfe7+ Kd5 40. Qe5#) 32... Kg7 {White is clearly winning.} 33. Qxf6+ Kxf6 34. Ng4+ Kg7 35. Ne3 {Weighted Error Value: White=0.37/Black=0.98  Loses game:     	---       	Black=1      Mistake:       	White=1     	Black=2      OK:         	White=3     	Black=10     Best:        	White=1     	---        Strong:       	White=1     	---} 1-0

[Event "2nd Namma Bengaluru Open-A 2025"]
[Site "Bengaluru"]
[Date "2025.04.10"]
[Round "1.3"]
[White "Medhvansh Madeti"]
[Black "Petrosyan, Manuel"]
[Result "0-1"]
[Annotator "TA"]
[ECO "B41"]
[WhiteElo "2035"]
[BlackElo "2544"]
[PlyCount "74"]
[EventDate "2025.04.10"]
[EventType "swiss"]
[EventCountry "IND"]
[SourceTitle "playchess.com"]
[Source "ChessBase"]
[SourceQuality "1"]
[TimeControl "5400+30"]

1. e4 c5 2. Nf3 e6 3. d4 cxd4 4. Nxd4 a6 5. c4 Nf6 6. Nc3 Qc7 7. Qd3 d6 {B41: Sicilian: Kan Variation: 5 c4.} (7... Nc6 $11) 8. Be2 $14 Nbd7 9. O-O b6 {White is slightly better.} 10. f4 Bb7 11. Nb3 (11. Qe3 $14) 11... Be7 $11 12. Be3 O-O 13. Rac1 Rac8 (13... Nc5 $11 14. Nxc5 dxc5) 14. Bf3 Rfd8 15. Ne2 $146 (15. Qe2 Bf8 16. Nd2 Qb8 17. g4 d5 18. cxd5 exd5 19. e5 Nxe5 20. fxe5 d4 21. exf6 dxe3 {1-0 Votava,J (2516)-Kanovsky,D (2286) CZE-chT 0405 2004 (9.4)}) 15... Qb8 16. g4 b5 17. cxb5 {[#]} (17. g5 $1 $11 bxc4 18. Rxc4) 17... Nc5 $1 $17 18. Nxc5 dxc5 19. Qc2 axb5 {Black is more active.} 20. g5 Nd7 21. Ng3 (21. a4 $142) 21... c4 22. Bg2 Bc5 23. Qf2 Bxe3 24. Qxe3 Nc5 25. b3 {Now White is beyond hope.} (25. f5 $17 {keeps fighting.}) 25... Rd3 $19 26. Qf2 c3 27. b4 Rd2 28. Qe3 Nd3 29. Rb1 g6 30. Ne2 c2 {Prevents Rbd1} 31. Ra1 Rxe2 32. Qxd3 (32. Qxe2 $142 Qa7+ (32... c1=R 33. Qxd3 Qa7+ 34. Kh1 $17) (32... c1=N $2 33. Qe3 $19) (32... c1=Q $2 33. Raxc1 Qa7+ 34. Rc5 $19) (32... Nxf4 $2 33. Qf3 $19) (32... Nxb4 $2 33. Qe3 $19) 33. Kh1) 32... Qa7+ 33. Kh1 Re3 34. Qxb5 Bxe4 35. Bxe4 Rxe4 36. a4 {[#]} Rxf4 $1 37. a5 (37. Rxf4 c1=Q+) 37... Qa8+ {Weighted Error Value: White=0.73/Black=0.18 (very precise)   Mistake:       	White=5     	Black=1      Inaccurate:     	White=5     	---        OK:         	White=5     	Black=13     Best:        	White=1     	Black=5      Strong:       	---       	Black=1} 0-1

[Event "2nd Namma Bengaluru Open-A 2025"]
[Site "Bengaluru"]
[Date "2025.04.10"]
[Round "1.4"]
[White "Pranav Anand"]
[Black "Parambrata Sarkar"]
[Result "1-0"]
[Annotator "TA"]
[ECO "C02"]
[WhiteElo "2538"]
[BlackElo "2035"]
[PlyCount "53"]
[EventDate "2025.04.10"]
[EventType "swiss"]
[EventCountry "IND"]
[SourceTitle "playchess.com"]
[Source "ChessBase"]
[SourceQuality "1"]
[TimeControl "5400+30"]

1. e4 e6 2. d4 d5 3. e5 c5 4. c3 Nc6 5. Nf3 Qb6 6. a3 Nh6 7. Bd3 $1 {[%emt 0:01:39][%mdl 4] is now more promising than 7.b4.} cxd4 {C02: French: Advance Variation.} 8. O-O Bd7 9. b4 Rc8 {[%emt 0:02:38] The position is equal.} 10. Bb2 Be7 11. cxd4 (11. Nxd4 Nxe5 12. Bc2 O-O $17) 11... Nf5 12. Nbd2 a5 $146 (12... g5 13. Nb3 h5 14. Rc1 g4 15. Ne1 a5 16. Bxf5 exf5 17. Nd3 axb4 18. Nbc5 Be6 19. axb4 {1-0 Khalifman,A (2678)-Dolmatov,S (2605) EU-Cup 19th Rethymno 2003 (3.1)}) 13. b5 Ncxd4 14. Nxd4 Nxd4 15. Qg4 {[%emt 0:00:03][%csl LRd4,LRg7] White sacrificed a pawn} Nf5 (15... Nc2 $11 {remains equal.} 16. Rac1 (16. Qxg7 Rf8 $16) 16... Bxb5 17. Bxc2 (17. Rxc2 $2 Rxc2 18. Bxc2 Bxf1 $19) 17... h5 (17... Bxf1 18. Ba4+ Rc6 19. Bd4 $14) 18. Qxg7 Kd7) 16. Bxf5 $16 exf5 17. Qxg7 Rf8 {[%emt 0:00:04] A sharp opening} 18. e6 $1 $36 {[%emt 0:00:34][%mdl 2048] White attacks White is on the roll. White is more active.} (18. Qxh7 Rc2 19. Bc1 Qd4 $17) 18... Bxb5 {[%emt 0:04:00] [#]} (18... Bxe6 $16 19. Nf3 (19. Qxh7 $2 Rc2 $19) 19... Kd7) 19. Rfe1 $1 $18 {[%emt 0:03:28] Threatens to win with exf7+.} f6 20. Qxh7 Bd3 21. Qh5+ Kd8 22. Qf3 $1 Be4 23. Nxe4 fxe4 {[%emt 0:00:06] [#]} 24. Qf5 (24. Qe2 Qxe6 25. Rad1 Kc7 $16) 24... Qb3 {[%emt 0:09:43] [#]} (24... Qxb2 $2 {perishes.} 25. Qxd5+ Kc7 26. Reb1 $18 (26. Qxe4 Qb6 $11) (26. Qd7+ Kb8 $18)) (24... Kc7) 25. Rad1 $1 Rc5 (25... Rc6 26. Rxd5+) 26. Bd4 Rb5 27. Qf4 {[%emt 0:03:28] Weighted Error Value: White=0.11 (very precise) /Black=1.11  Mistake:       	---       	Black=3      Inaccurate:     	---       	Black=3      OK:         	White=8     	Black=6      Best:        	White=1     	Black=1      Strong:       	White=3     	Black=1} 1-0

[Event "2nd Namma Bengaluru Open-A 2025"]
[Site "Bengaluru"]
[Date "2025.04.10"]
[Round "1.5"]
[White "Nimmy, A.G."]
[Black "Pantsulaia, Levan"]
[Result "0-1"]
[Annotator "RC"]
[ECO "B84"]
[WhiteElo "2034"]
[BlackElo "2532"]
[PlyCount "54"]
[EventDate "2025.04.10"]
[EventType "swiss"]
[EventCountry "IND"]
[SourceTitle "playchess.com"]
[Source "ChessBase"]
[SourceQuality "1"]
[TimeControl "5400+30"]

1. e4 c5 2. Nf3 e6 3. d4 cxd4 4. Nxd4 a6 5. Nc3 b5 6. a3 Bb7 7. Be2 d6 8. f4 Nf6 9. Bf3 Qc7 10. O-O Be7 11. Kh1 O-O 12. Qe1 Nc6 13. Be3 Na5 14. e5 dxe5 15. fxe5 Nd7 16. Bxb7 Qxb7 17. Qg3 Kh8 18. Rae1 Nc4 19. Bc1 Rac8 20. Ne4 Ncxe5 21. b3 Qd5 22. Bb2 Ng6 23. Qe3 Nde5 24. Rd1 Qb7 25. h3 Rfd8 26. Ng5 Kg8 27. Rd2 Bxg5 0-1

[Event "2nd Namma Bengaluru Open-A 2025"]
[Site "Bengaluru"]
[Date "2025.04.10"]
[Round "1.6"]
[White "Aronyak Ghosh"]
[Black "Jain, Kushagra"]
[Result "1-0"]
[Annotator "TA"]
[ECO "D93"]
[WhiteElo "2525"]
[BlackElo "2034"]
[PlyCount "75"]
[EventDate "2025.04.10"]
[EventType "swiss"]
[EventCountry "IND"]
[SourceTitle "playchess.com"]
[Source "ChessBase"]
[SourceQuality "1"]
[TimeControl "5400+30"]

1. d4 d5 2. c4 c6 3. Nf3 Nf6 4. Qc2 g6 5. Bf4 Bg7 6. e3 O-O 7. Nc3 Bf5 8. Qb3 Qb6 9. h3 Na6 10. c5 Qxb3 11. axb3 Nb4 {[%emt 0:00:30] and ...Nc2+ should not be overlooked D93: Grünfeld: 4 Nf3 Bg7 5 Bf4 0-0 6 e3.} 12. Ra4 Nd3+ 13. Bxd3 Bxd3 {[%emt 0:00:30] White is slightly better.} 14. Ne5 Bf5 15. g4 Bc8 16. Kd2 $146 (16. Ke2 Ne8 17. b4 g5 18. Bg3 f6 19. Nd3 e6 20. Ra5 Bd7 21. Na4 a6 22. Nb6 {1-0 Leriche,E (2319)-Mullon,J (2325) FRA-chT2 0304 2003 (8)}) 16... Nd7 17. Nxd7 Bxd7 {[%emt 0:00:30] Black is weak on the dark squares} 18. Rha1 a6 19. Rb4 $1 Ra7 20. Na4 $1 f6 21. Nb6 $36 {[%emt 0:00:30][%mdl 2048] White fights for an advantage.} Be6 22. Bc7 Kf7 23. f3 h5 24. Rg1 (24. Rba4 $14) 24... Rh8 (24... a5 $11 25. Ra4 Ra6) 25. Ra4 $16 g5 (25... Bh6 $142) 26. f4 f5 {[%emt 0:00:30] [#] Loses the game.} (26... gxf4 $16 27. exf4 Rg8) 27. gxh5 $1 $18 (27. fxg5 fxg4 28. Rf1+ Kg6) 27... g4 {[%emt 0:00:30] [#]} 28. Rf1 $1 ({Less strong is} 28. hxg4 fxg4 29. Ke2 Bf6 $14) 28... gxh3 29. Rh1 Bh6 ({Reject} 29... Rxh5 30. Bb8 $18) 30. Raa1 (30. b4 $18) 30... a5 $16 31. Rag1 Ke8 32. Rxh3 Bf7 33. Be5 Rh7 34. Rhg3 {[%emt 0:00:30] White has more active pieces.} Kf8 35. Rg6 Bxg6 (35... Ke8 $16 36. Rh1 Ra6) 36. hxg6 $18 {[%emt 0:00:30] White has a decisive advantage.} Rg7 37. Bxg7+ Bxg7 38. Rh1 {[%emt 0:00:30] Weighted Error Value: White=0.10 (very precise) /Black=0.26 (precise)   Mistake:       	White=2     	Black=4      Inaccurate:     	White=1     	Black=1      OK:         	White=9     	Black=11     Best:        	White=4     	---        Strong:       	White=4     	---} 1-0

[Event "2nd Namma Bengaluru Open-A 2025"]
[Site "Bengaluru"]
[Date "2025.04.10"]
[Round "1.7"]
[White "Rohith Krishna S"]
[Black "Chanda, Sandipan"]
[Result "1/2-1/2"]
[Annotator "TA"]
[ECO "C08"]
[WhiteElo "2490"]
[BlackElo "2485"]
[PlyCount "82"]
[EventDate "2025.04.10"]
[EventType "swiss"]
[EventCountry "IND"]
[SourceTitle "playchess.com"]
[Source "ChessBase"]
[SourceQuality "1"]
[TimeControl "5400+30"]

1. e4 e6 2. d4 d5 3. Nd2 c5 4. exd5 exd5 5. Ngf3 Nf6 6. Bb5+ Bd7 7. Bxd7+ Nbxd7 8. O-O Be7 9. dxc5 Nxc5 10. Nd4 g6 {C08: French Tarrasch: 3...c5 4 exd5 exd5 sidelines.} 11. N2b3 O-O 12. Nxc5 $146 (12. Bg5 Nce4 13. Bh4 Nh5 14. Bxe7 Qxe7 15. Qf3 Qf6 16. Qxf6 Nhxf6 17. f3 Nd6 18. Nc5 {1-0 Karjakin,S (2747)-Vallejo Pons,F (2697) EU-Cup 26th Plovdiv 2010 (3.2)}) 12... Bxc5 {The position is equal.} 13. Bg5 Qb6 14. Bxf6 Qxf6 15. Nb3 Bb6 16. c3 Rad8 17. Qd3 Rfe8 18. Rad1 h5 19. Nd4 Re4 (19... Bxd4 {simplifies} 20. Qxd4 Qxd4 21. Rxd4 Re2) 20. Nf3 h4 21. h3 $1 a6 22. Rd2 Qf4 23. Re2 Rde8 $36 {[%mdl 2048] Black is pushing.} 24. Rfe1 Bc7 {And now ...Rxe2 would win.} 25. Kf1 Qf5 26. Rxe4 dxe4 27. Qc4 (27. Qc2 $11) 27... Bb6 $15 28. Re2 {[#]} (28. Nd4 $15 Qf4 29. Qe2) 28... Kg7 $1 $17 29. Nxh4 {[#]} (29. Nd4 $17 Qf4 30. Re3) 29... Qd7 $1 $19 30. Kg1 (30. Qb3 {was called for.} Bd8 31. Nxg6 fxg6 32. Re1) 30... g5 $2 (30... Re6 $19 {and Black stays clearly on top.} 31. Kh2 Qd1 32. Nxg6 Qd6+ (32... Kxg6 33. Rxe4 Bxf2 34. Rxe6+ Kg7 35. Rg6+ Kxg6 36. Qe4+ f5 37. Qe6+ Kg5 38. h4+ Kxh4 39. Qh6+ Kg4 40. Qg7+ Kf4 41. g3+ Ke3 42. Qe5+ Kd2 43. Qf4+ Be3 44. Qxf5 $19) (32... Rxg6 33. Qxe4 Qd6+ 34. Kg1 $17) (32... fxg6 33. Qxe6 Bc7+ 34. g3 $11) 33. Kh1 fxg6 (33... Kxg6 $2 34. Rxe4 Bxf2 35. Rxe6+ Qxe6 36. Qxe6+ fxe6 37. g4 $19) 34. Rxe4 Rf6) 31. Rxe4 $17 (31. Qb3 $2 gxh4 32. a3 e3 $19) 31... Rxe4 (31... gxh4 $6 32. Rxe8 Qxe8 33. Qg4+ Kf6 34. Qf4+ Kg6 35. Qg4+ Kf6 36. Qf4+ Kg6 37. Qg4+ Kf6 $11) 32. Qxe4 {[%mdl 4096] Endgame KQB-KQN. White is two pawns up.} Qd1+ (32... gxh4 $17 33. Qxh4 Qd1+ 34. Kh2 Qd2 35. Qg4+ Kf6 36. Qf3+ Ke6 37. Qe4+ Kd6 38. Qxb7 Qf4+ (38... Bxf2 39. Qxf7 Qxb2 40. Qf6+ Kc5 41. Qe5+ Kc6 42. Qf6+ Kb7 43. Qe7+ Kb6 44. Qe6+ Kb7 45. Qd5+ Kc7 46. Qe5+ Kc6 47. Qe6+ Kb5 48. Qd7+ Kc4 49. Qc8+ Bc5 50. Qxa6+ Kxc3 51. Qf6+ Bd4 52. Qf3+ Kd2 53. h4 $11) (38... Qxf2 39. Qxa6 Qxb2 40. h4 $17) (38... Qxb2 39. Qxf7 Qxf2 40. Qxf2 $17) 39. g3 Qxf2+ 40. Qg2 Qe3) 33. Kh2 $15 Bc7+ (33... gxh4 34. Qe5+ f6 35. Qe7+ Kg6 36. Qe8+ Kf5 37. Qc8+ Ke5 38. Qxb7 $17) 34. g3 gxh4 35. Qxb7 $2 (35. Qxh4 $15 Qe2 36. Qg5+ Kf8 37. Qc5+ Qe7 38. Qc4) 35... Qe2 36. Qxc7 (36. Kg2 $17 hxg3 (36... Bxg3 $2 37. Qf3 $19) 37. Qf3 Qxf3+ (37... Qxb2 $2 38. Qg4+ Kf6 39. Qh4+ Ke6 40. Qc4+ Kd6 41. Kxg3 $17) 38. Kxf3 gxf2 39. Kxf2) 36... Qxf2+ $17 {KQ-KQ. White is two pawns up.} ({Inferior is} 36... Qxb2 37. Qe5+ (37. gxh4 Qxf2+ 38. Kh1 Qxh4 $11) 37... f6 38. Qe7+ Kg6 39. Qe4+ (39. gxh4 Qxf2+ 40. Kh1 Qxa2 $11) 39... Kg7 40. Qg4+ (40. gxh4 Qxa2 41. Qg4+ Kh7 $18) 40... Kf7 41. Qd7+ (41. gxh4 Qxf2+ 42. Kh1 Qe1+ 43. Kg2 Qxc3 $11) 41... Kg6 42. Qg4+ (42. gxh4 Qxf2+ 43. Kh1 Qf3+ 44. Kh2 Qe2+ 45. Kg3 Qe3+ 46. Kg2 Qe2+ 47. Kg1 Qe1+ 48. Kg2 Qe2+ 49. Kg3 Qe5+ 50. Kf2 Qxc3 $11) 42... Kf7 43. Qd7+ Kf8 44. Qd4 $14 (44. gxh4 Qxf2+ 45. Kh1 Qxh4 $11)) 37. Kh1 Qf1+ (37... Qxg3 $2 38. Qxg3+ hxg3 39. Kg2 $18) 38. Kh2 Qf2+ 39. Kh1 Qf1+ (39... Qxg3 $2 40. Qxg3+ hxg3 41. Kg2 $18) 40. Kh2 {and Qe5+ should not be overlooked} Qf2+ 41. Kh1 Qf1+ $2 {Weighted Error Value: White=0.44/Black=0.46  Loses game:     	White=5     	---        Missed win:     	---       	Black=2      Mistake:       	White=4     	Black=1      Inaccurate:     	White=3     	Black=2      OK:         	White=5     	Black=8      Best:        	White=3     	Black=1      Strong:       	White=1     	Black=2} (41... Qxg3 $2 {perishes.} 42. Qxg3+ hxg3 43. Kg2 $18) (41... hxg3 $19 42. Qe5+ Kg6 43. Qe4+ f5) 1/2-1/2

[Event "2nd Namma Bengaluru Open-A 2025"]
[Site "Bengaluru"]
[Date "2025.04.10"]
[Round "1.8"]
[White "Ayush Sharma"]
[Black "Ayaan Garg"]
[Result "1-0"]
[Annotator "RC"]
[ECO "B12"]
[WhiteElo "2485"]
[BlackElo "2033"]
[PlyCount "50"]
[EventDate "2025.04.10"]
[EventType "swiss"]
[EventCountry "IND"]
[SourceTitle "playchess.com"]
[Source "ChessBase"]
[SourceQuality "1"]
[TimeControl "5400+30"]

1. e4 c6 2. d4 d5 3. e5 Bf5 4. Be3 e6 5. Nd2 Ne7 6. Nb3 Nd7 7. Nf3 h6 8. Be2 Bh7 9. h4 Nf5 10. Bf4 Be7 11. h5 a6 12. c3 b6 13. O-O Nh4 14. Nxh4 Bxh4 15. a4 O-O 16. Be3 Qc7 17. Bd3 Be7 18. Bxh7+ Kxh7 19. f4 f5 20. g4 Kh8 21. Kh1 Qd8 22. Rg1 Qe8 23. Nd2 Qf7 24. Nf1 Rg8 25. gxf5 Qxf5 1-0

[Event "2nd Namma Bengaluru Open-A 2025"]
[Site "Bengaluru"]
[Date "2025.04.10"]
[Round "1.9"]
[White "Badrinath, S.."]
[Black "Neelash Saha"]
[Result "1/2-1/2"]
[Annotator "RC"]
[ECO "B29"]
[WhiteElo "2033"]
[BlackElo "2460"]
[PlyCount "101"]
[EventDate "2025.04.10"]
[EventType "swiss"]
[EventCountry "IND"]
[SourceTitle "playchess.com"]
[Source "ChessBase"]
[SourceQuality "1"]
[TimeControl "5400+30"]

1. e4 c5 2. Nf3 Nf6 3. e5 Nd5 4. d4 cxd4 5. Bc4 Nb6 6. Bb3 Nc6 7. Bf4 Na5 8. Qxd4 Nxb3 9. axb3 e6 10. c4 Bb4+ 11. Bd2 Qe7 12. O-O O-O 13. Bxb4 Qxb4 14. Nbd2 f6 15. Qd6 Qxd6 16. exd6 a6 17. Ne4 Rb8 18. Rfd1 Na8 19. c5 Rd8 20. Nd4 Kf7 21. f4 Re8 22. b4 h6 23. Ra3 e5 24. fxe5 Rxe5 25. Re3 b6 26. c6 b5 27. Nf3 Re6 28. Ree1 Nb6 29. Nc5 Rxe1+ 30. Rxe1 dxc6 31. Re7+ Kg6 32. d7 Nxd7 33. Nxd7 Bxd7 34. Rxd7 Re8 35. Ra7 c5 36. bxc5 Re5 37. b4 Re4 38. Rxa6 Rxb4 39. Kf2 h5 40. Ke3 Rb3+ 41. Ke2 Rb2+ 42. Nd2 h4 43. Ra3 Kf5 44. Kd3 g5 45. Ra5 Rb4 46. h3 Kg6 47. Ne4 Rb2 48. Nd2 Rb4 49. Ne4 Rb2 50. Nd2 Rb4 51. Ne4 1/2-1/2

[Event "2nd Namma Bengaluru Open-A 2025"]
[Site "Bengaluru"]
[Date "2025.04.10"]
[Round "1.10"]
[White "Savchenko, Boris"]
[Black "Kolla Bhaavan"]
[Result "1-0"]
[Annotator "RC"]
[ECO "C84"]
[WhiteElo "2459"]
[BlackElo "2033"]
[PlyCount "103"]
[EventDate "2025.04.10"]
[EventType "swiss"]
[EventCountry "IND"]
[SourceTitle "playchess.com"]
[Source "ChessBase"]
[SourceQuality "1"]
[TimeControl "5400+30"]

1. e4 e5 2. Nf3 Nc6 3. Bb5 a6 4. Ba4 Nf6 5. O-O Nxe4 6. d4 Be7 7. Re1 b5 8. Rxe4 d5 9. Nxe5 Nxe5 10. Rxe5 bxa4 11. Nc3 O-O 12. Rxd5 Bd6 13. Bf4 Be6 14. Rxd6 cxd6 15. Nxa4 Qa5 16. b3 d5 17. h3 Rfe8 18. Qf3 Bf5 19. c3 Be4 20. Qg3 Re6 21. f3 Bg6 22. Bc7 Qb5 23. Nc5 Re3 24. a4 Qe2 25. Ba5 Rae8 26. Qf2 Qxf2+ 27. Kxf2 Re2+ 28. Kg3 Rb2 29. b4 Ree2 30. Rg1 h5 31. h4 Bc2 32. Bb6 Re3 33. Ra1 Bd3 34. b5 Bxb5 35. axb5 axb5 36. Ba5 f6 37. Bb4 Ree2 38. Rg1 g5 39. Na6 Kf7 40. Nc7 Kg6 41. Nxd5 Kf5 42. Ne7+ Ke6 43. d5+ Kd7 44. Ng8 gxh4+ 45. Kh3 f5 46. Nf6+ Kd8 47. d6 Ra2 48. Bc5 Ra6 49. Kxh4 Re6 50. Kg5 Re5 51. Ra1 Rxa1 52. Bb6+ 1-0

[Event "2nd Namma Bengaluru Open-A 2025"]
[Site "Bengaluru"]
[Date "2025.04.10"]
[Round "1.11"]
[White "Sobh, Amrou"]
[Black "Stany, G.A."]
[Result "0-1"]
[Annotator "RC"]
[ECO "E52"]
[WhiteElo "2032"]
[BlackElo "2454"]
[PlyCount "114"]
[EventDate "2025.04.10"]
[EventType "swiss"]
[EventCountry "IND"]
[SourceTitle "playchess.com"]
[Source "ChessBase"]
[SourceQuality "1"]
[TimeControl "5400+30"]

1. d4 Nf6 2. c4 e6 3. Nc3 Bb4 4. Bd2 b6 5. e3 Bb7 6. Nf3 O-O 7. Bd3 d5 8. cxd5 exd5 9. O-O Re8 10. Rc1 a6 11. Ne2 Bd6 12. Qb3 Nbd7 13. Bb4 c5 14. Bxc5 bxc5 15. Qxb7 c4 16. Bf5 Nb6 17. b3 Re7 18. Qc6 Rb8 19. bxc4 Rc7 20. Qxd6 Qxd6 21. c5 Qe7 22. cxb6 Rxb6 23. Ne5 g6 24. Bd3 Ne8 25. Nf4 Qa3 26. Rc5 Rd6 27. Rxd5 Rxd5 28. Nxd5 Rc1 29. Bxa6 Rxf1+ 30. Bxf1 Qxa2 31. Nb4 Qb1 32. Ned3 Nd6 33. g3 Ne4 34. Kg2 Qd1 35. Nb2 Qd2 36. N4d3 Qc2 37. h4 f5 38. Kg1 Nxf2 39. Nxf2 Qxb2 40. e4 Qxd4 41. exf5 gxf5 42. Kg2 Qd5+ 43. Kh2 Qd2 44. Kg1 f4 45. gxf4 Qxf4 46. Bh3 Qxh4 47. Kg2 Kg7 48. Kf3 Qf6+ 49. Kg3 h5 50. Kg2 Qf4 51. Kf1 Kf6 52. Kg2 Qe3 53. Bd7 Ke5 54. Be8 Qe2 55. Bc6 Kf4 56. Kg1 Ke3 57. Nh3 Qd1+ 0-1

[Event "2nd Namma Bengaluru Open-A 2025"]
[Site "Bengaluru"]
[Date "2025.04.10"]
[Round "1.12"]
[White "Goutham Krishna H"]
[Black "Yashad Bambeshwar"]
[Result "1-0"]
[Annotator "RC"]
[ECO "A00"]
[WhiteElo "2449"]
[BlackElo "2032"]
[PlyCount "95"]
[EventDate "2025.04.10"]
[EventType "swiss"]
[EventCountry "IND"]
[SourceTitle "playchess.com"]
[Source "ChessBase"]
[SourceQuality "1"]
[TimeControl "5400+30"]

1. g3 e5 2. Bg2 d5 3. d3 Nf6 4. Nf3 Bd6 5. O-O O-O 6. c4 c6 7. cxd5 cxd5 8. Nc3 h6 9. e4 d4 10. Nb5 Bg4 11. h3 Bxf3 12. Bxf3 Be7 13. Bg2 a6 14. Na3 Bxa3 15. bxa3 Nbd7 16. f4 Rc8 17. Rb1 Nc5 18. Rf3 b5 19. Bd2 Na4 20. Qb3 Nd7 21. f5 Ndc5 22. Qb4 Nc3 23. Re1 a5 24. Qb2 N5a4 25. Qb3 Nc5 26. Qb2 N5a4 27. Qa1 f6 28. g4 b4 29. axb4 axb4 30. h4 Nc5 31. Qb2 Qa5 32. g5 hxg5 33. hxg5 fxg5 34. Bxg5 Qa3 35. Qf2 Kf7 36. Qg3 Rce8 37. Bh4 Qa6 38. f6 g6 39. Qg5 Rh8 40. Rg3 Reg8 41. Qxe5 Ne6 42. Bg5 Nxa2 43. Bh3 b3 44. Bxe6+ Qxe6 45. Qc7+ Kf8 46. f7 Qxf7 47. Qd6+ Ke8 48. Qd8# 1-0